 Dungeon Crawl Stone Soup version 0.21-a0-380-gd65dc97 (webtiles) character file.

11256 Ijustatesigmund the Thaumaturge (level 11, -7/56 HPs)
             Began as a Spriggan Enchanter on Oct 17, 2017.
             Was a High Priest of Okawaru.
             Killed from afar by a hell hound (20 damage)
             ... with a blast of flame
             ... in a volcano.
             The game lasted 00:55:16 (13638 turns).

Ijustatesigmund the Thaumaturge (SpEn)             Turns: 13638, Time: 00:55:17

Health: -7/56      AC:  8    Str:  4    XL:     11   Next: 46%
Magic:  10/26      EV: 27    Int: 19    God:    Okawaru [*****.]
Gold:   335        SH: 10    Dex: 18    Spells: 18/30 levels left

rFire    . . .     SeeInvis +   a - +3 short sword (speed)
rCold    . . .     Gourm    .   g - +1 buckler
rNeg     . . .     Faith    .   I - +3 robe "Loud" {Slay+2}
rPois    .         Spirit   .   (helmet restricted)
rElec    .         Reflect  .   z - +2 cloak
rCorr    +         Harm     .   (gloves unavailable)
MR       +....                  (boots unavailable)
Stlth    ++++++....             b - amulet of regeneration
HPRegen  0.58/turn              h - +4 ring of slaying
MPRegen  0.20/turn              x - ring of resist corrosion

@: heroism, very quick
A: unfitting armour, see invisible, herbivore 3, speed 3, slow metabolism 2
a: Heroism, Finesse, Renounce Religion


You were in a volcano.
You worshipped Okawaru.
Okawaru was extremely pleased with you.
You were not hungry.

You visited 3 branches of the dungeon, and saw 13 of its levels.
You also visited: Volcano.

You collected 587 gold pieces.
You spent 252 gold pieces at shops.

Inventory:

Hand Weapons
 a - a +3 short sword of speed (weapon)
 s - a +0 hand crossbow of freezing
Missiles
 t - 173 bolts
 A - 3 tomahawks (quivered)
Armour
 g - a +1 buckler (worn)
 z - a +2 cloak (worn)
 I - the +3 robe "Loud" (worn) {Slay+2}
   (You took it off an orc on level 8 of the Dungeon)

   It affects your accuracy and damage with ranged weapons and melee attacks
   (+2).
Jewellery
 b - an amulet of regeneration (around neck)
 h - a +4 ring of slaying (left hand)
 l - an uncursed ring of flight
 o - an uncursed ring of positive energy
 x - a ring of resist corrosion (right hand)
 K - an uncursed ring of protection from cold
Wands
 r - a wand of digging (22/24)
 y - a wand of digging (8/24)
 B - a wand of lightning (8/15)
 F - a wand of confusion (22/48)
Scrolls
 f - a scroll of amnesia
 j - 3 scrolls of teleportation
 q - 2 scrolls of enchant armour
 w - 2 scrolls of magic mapping
 H - a scroll of brand weapon
 J - 3 scrolls of fog
 L - a scroll of holy word
 N - a scroll of enchant weapon
Potions
 e - 3 potions of brilliance
 i - a potion of magic
 k - 2 potions of flight
 m - 2 potions of might
 n - a potion of agility
 p - a potion of curing
 u - 2 potions of haste
 D - 2 potions of cancellation
Books
 c - a book of Maledictions

   Spells                             Type                      Level
   a - Corona                         Hexes                        1
   b - Ensorcelled Hibernation        Hexes/Ice                    2
   c - Confuse                        Hexes                        3
   d - Tukima's Dance                 Hexes                        3
   e - Dazzling Spray                 Conjuration/Hexes            3
 C - a book of Cantrips

   Spells                             Type                      Level
   a - Confusing Touch                Hexes                        1
   b - Animate Skeleton               Necromancy                   1
   c - Summon Small Mammal            Summoning                    1
   d - Apportation                    Translocation                1
 E - a book of Battle

   Spells                             Type                      Level
   a - Infusion                       Charms                       1
   b - Shroud of Golubria             Charms/Translocation         2
   c - Song of Slaying                Charms                       2
   d - Spectral Weapon                Hexes/Charms                 3
   e - Regeneration                   Charms/Necromancy            3
Miscellaneous
 M - a lightning rod (4/4)
Comestibles
 d - 3 bread rations
 v - 5 royal jellies
 G - 15 fruits


   Skills:
 - Level 5.9(10.9) Fighting
 - Level 7.3(12.3) Short Blades
 - Level 2.1(7.1) Crossbows
 - Level 5.9(10.9) Dodging
 - Level 8.3(13.3) Stealth
 + Level 4.6(9.6) Shields
 + Level 10.2 Spellcasting
 - Level 2.0 Conjurations
 + Level 5.1 Hexes
 - Level 6.9 Charms
 - Level 6.3 Translocations
 - Level 2.0 Ice Magic
 - Level 4.4 Invocations


You had 18 spell levels left.
You knew the following spells:

 Your Spells              Type           Power        Failure   Level  Hunger
a - Corona                Hex            ####...      1%          1    None
b - Ensorcelled Hibernat  Hex/Ice        ###...       2%          2    None
c - Dazzling Spray        Conj/Hex       ###...       4%          3    None
d - Apportation           Tloc           ####..       1%          1    None
e - Shroud of Golubria    Chrm/Tloc      #####.....   1%          2    None
f - Regeneration          Chrm/Necr      ###.......   5%          3    None


Dungeon Overview and Level Annotations

Branches:
Dungeon (10/15)            Temple (1/1) D:7            Lair (2/6) D:10
  Swamp: Lair:2-4    Shoals: Lair:2-4     Snake: Lair:2-4    Spider: Lair:2-4
    Orc: D:9-12

Altars:
Ashenzari
Cheibriados
Dithmenos
Elyvilon
Fedhas
Gozag
Hepliaklqana
Kikubaaqudgha
Makhleb
Nemelex Xobeh
Okawaru
Qazlal
Ru
Sif Muna
Trog
Uskayaw
Vehumet
Wu Jian
Xom
Yredelemnul
Zin
The Shining One

Shops:
D:9 ?


Innate Abilities, Weirdness & Mutations

You are very small and have problems with some larger weapons.
You are too small for most types of armour.
You have supernaturally acute eyesight. (SInv)
You are a herbivore.
You cover ground extremely quickly.
You need consume almost no food.


Message History

Aim: a hell hound (lightly wounded, catching its breath, chance to defeat MR: 52%)
The hell hound resists with some effort.
The fire bat completely misses you. You block the hell hound's attack.
The hell hound completely misses you.
Casting: Ensorcelled Hibernation
Confirm with . or Enter, or press ? or * to list all spells.
Aiming: Ensorcelled Hibernation
Press: ? - help, Shift-Dir - straight line, f/p - hell hound
Aim: a hell hound (lightly wounded, catching its breath, chance to defeat MR: 52%)
The hell hound resists with some effort.
You block the fire bat's attack. You block the hell hound's attack.
Casting: Ensorcelled Hibernation
Confirm with . or Enter, or press ? or * to list all spells.
Aiming: Ensorcelled Hibernation
Press: ? - help, Shift-Dir - straight line, f/p - hell hound
Aim: a hell hound (lightly wounded, chance to defeat MR: 52%)
The hell hound resists with some effort.
The hell hound breathes flames at you. The blast of flame hits you!
You die...

#(# ##...##
##(###.....##
#8(8###.....###
#....#...§....#
##......≈§≈§...#
#.....§§§§≈§...##
#....≈§≈≈≈§≈.≈...
##h.≈≈≈≈§≈≈≈≈§≈≈..
#@b≈≈≈≈§§§≈§§§§≈.§
#..b§§≈§≈§≈≈§§≈≈≈.
#.§≈≈§§≈≈≈≈≈§§≈§§§
#.§§§§≈≈≈≈≈§≈§§≈≈≈
#.§§§§§§≈≈≈§≈§§≈≈§
#.≈≈§≈≈≈§ §≈§§≈≈≈
##.≈§≈≈≈§ §§§§§≈≈
#.§§§≈≈ ≈§§§§§
§≈§§≈§


You could see a hell hound and 2 fire bats.

Vanquished Creatures
  4 hydras
  Maurice (D:8)
  2 centaur skeletons (D:10)
  5 blink frogs (Lair:1)
  2 dream sheep (D:9)
  2 hippogriffs
  A wyvern (D:9)
  4 fire bats (Volcano)
  13 yaks
  2 steam dragons
  A hell hound (Volcano)
  A water moccasin (Lair:1)
  2 porcupines (Lair:1)
  An orc warrior (D:6)
  3 phantoms
  A sky beast (D:7)
  An ice beast (D:10)
  3 centaurs
  An ogre (D:6)
  2 crocodiles
  2 big kobolds (D:9)
  4 bullfrogs
  2 scorpions (D:4)
  2 howler monkeys
  2 lava snakes (Volcano)
  2 crimson imps
  A centaur zombie (D:7)
  A quasit (Lair:1)
  3 jellies
  5 orc priests
  Crazy Yiuf (D:2)
  5 hounds
  7 orc wizards
  An iguana (D:8)
  4 worker ants
  A hound skeleton (D:6)
  3 worker ant zombies
  7 gnolls
  A howler monkey skeleton (D:4)
  6 adders
  A worm (D:2)
  2 dart slugs
  6 leopard geckos
  24 orcs
  6 giant cockroaches
  14 goblins
  4 hobgoblins
  8 jackals
  3 quokkas
  7 bats
  6 frilled lizards
  A giant cockroach zombie (D:6)
  A jackal skeleton (D:5)
  5 kobolds
  A leopard gecko skeleton (D:5)
  A quokka skeleton (D:6)
  8 rats
210 creatures vanquished.

Vanquished Creatures (others)
  2 gnolls (D:8)
2 creatures vanquished.

Grand Total: 212 creatures vanquished

Notes
Turn   | Place    | Note
-------+----------+-------------------------------------------
     0 | D:1      | Ijustatesigmund the Spriggan Enchanter began the quest for the Orb.
     0 | D:1      | Reached XP level 1. HP: 9/9 MP: 5/5
   190 | D:2      | Found a shattered altar of Ashenzari.
   430 | D:3      | Reached skill level 3 in Spellcasting
   474 | D:3      | Reached XP level 2. HP: 6/13 MP: 4/7
   479 | D:3      | Learned a level 2 spell: Ensorcelled Hibernation
   791 | D:3      | Reached skill level 5 in Stealth
   793 | D:3      | Noticed a bullfrog
   945 | D:4      | Reached XP level 3. HP: 6/16 MP: 1/9
   961 | D:4      | Noticed a centaur
   974 | D:4      | Noticed a scorpion
   975 | D:4      | Found a white marble altar of Elyvilon.
  1002 | D:4      | Reached skill level 4 in Spellcasting
  1002 | D:4      | Reached XP level 4. HP: 11/21 MP: 1/11
  1008 | D:4      | Killed a centaur
  1008 | D:4      | Reached XP level 5. HP: 7/24 MP: 2/12
  1053 | D:4      | Found a snail-covered altar of Cheibriados.
  2400 | D:1      | Reached skill level 5 in Spellcasting
  2407 | D:1      | Reached skill level 1 in Fighting
  2557 | D:1      | Reached XP level 6. HP: 30/30 MP: 14/14
  2661 | D:2      | Learned a level 3 spell: Dazzling Spray
  2818 | D:2      | Found a runed door.
  2877 | D:2      | Noticed Crazy Yiuf
  2881 | D:2      | Killed Crazy Yiuf
  3149 | D:3      | Found a radiant altar of Vehumet.
  3802 | D:4      | Found a sacrificial altar of Ru.
  3877 | D:4      | Found a shimmering altar of Xom.
  4402 | D:4      | Found a basalt altar of Yredelemnul.
  4454 | D:5      | Entered Level 5 of the Dungeon
  4468 | D:5      | Reached XP level 7. HP: 35/35 MP: 16/16
  4759 | D:5      | Reached skill level 6 in Spellcasting
  4807 | D:5      | Reached skill level 5 in Dodging
  5013 | D:5      | Found a hide-covered altar of Uskayaw.
  5013 | D:5      | Found a blossoming altar of Fedhas.
  5013 | D:5      | Found a stormy altar of Qazlal.
  5861 | D:6      | Reached skill level 1 in Ice Magic
  5915 | D:6      | Reached XP level 8. HP: 30/40 MP: 10/19
  5956 | D:6      | Reached skill level 7 in Spellcasting
  6230 | D:6      | Reached skill level 1 in Conjurations
  7296 | D:7      | Found a staircase to the Ecumenical Temple.
  7430 | Temple   | Entered the Ecumenical Temple
  7618 | Temple   | Became a worshipper of Warmaster Okawaru
  7744 | D:7      | Learned a level 1 spell: Apportation
  7875 | D:7      | Reached skill level 1 in Translocations
  7960 | D:8      | Noticed Maurice
  8070 | D:8      | Reached skill level 8 in Spellcasting
  8070 | D:8      | Reached skill level 1 in Invocations
  8248 | D:9      | Reached XP level 9. HP: 44/44 MP: 22/22
  8993 | D:9      | Found Hoblowac's Magic Scroll Shop.
  8996 | D:9      | Bought a scroll of identify for 22 gold pieces
  8996 | D:9      | Bought a scroll of fog for 22 gold pieces
  8996 | D:9      | Bought a scroll of enchant weapon for 82 gold pieces
  8996 | D:9      | Bought 2 scrolls of identify for 44 gold pieces
  8996 | D:9      | Bought a scroll of holy word for 82 gold pieces
  9548 | D:9      | Reached * piety under Okawaru
  9566 | D:9      | Reached skill level 9 in Spellcasting
  9566 | D:9      | Reached skill level 5 in Translocations
  9783 | D:9      | Noticed a two-headed hydra
  9985 | D:8      | Killed Maurice
 10289 | D:8      | Got a wizard robe
 10300 | D:8      | Identified the +3 robe "Loud" {Slay+2} (You took it off an orc on level 8 of the Dungeon)
 11346 | D:10     | Entered Level 10 of the Dungeon
 11347 | D:10     | Reached ** piety under Okawaru
 11347 | D:10     | Reached skill level 1 in Shields
 11369 | D:9      | Reached XP level 10. HP: 31/50 MP: 11/24
 11541 | D:9      | Learned a level 2 spell: Shroud of Golubria
 11654 | D:9      | Reached skill level 5 in Short Blades
 11654 | D:9      | Reached skill level 1 in Charms
 11907 | D:9      | Reached *** piety under Okawaru
 12074 | D:10     | Noticed a four-headed hydra
 12119 | D:10     | Killed a four-headed hydra
 12119 | D:10     | Reached skill level 5 in Fighting
 12119 | D:10     | Reached skill level 1 in Crossbows
 12188 | D:10     | Found a staircase to the Lair.
 12206 | D:10     | Reached **** piety under Okawaru
 12206 | D:10     | Reached skill level 5 in Charms
 12217 | Lair:1   | Entered Level 1 of the Lair of Beasts
 12233 | Lair:1   | Noticed a seven-headed hydra
 12239 | Lair:1   | Killed a seven-headed hydra
 12290 | Lair:1   | Noticed a four-headed hydra
 12332 | Lair:1   | Killed a four-headed hydra
 12332 | Lair:1   | Reached ***** piety under Okawaru
 12332 | Lair:1   | Reached XP level 11. HP: 53/56 MP: 4/25
 12442 | Lair:1   | Learned a level 3 spell: Regeneration
 12713 | Lair:1   | Received a gift from Okawaru
 12754 | Lair:1   | Received a gift from Okawaru
 13072 | Lair:1   | Noticed an eight-headed hydra
 13118 | Lair:1   | Killed an eight-headed hydra
 13455 | Lair:2   | Reached skill level 10 in Spellcasting
 13468 | Lair:2   | Found a dark tunnel.
 13484 | Volcano  | Entered a volcano
 13623 | Volcano  | Reached skill level 5 in Hexes
 13638 | Volcano  | Killed from afar by a hell hound

Vault maps used:
D:1:      tarquinn_simple_flora_water_e, minmay_misc_feat_enclosed
D:2:      lemuel_round_altar, first_bread, uniq_crazy_yiuf_cottage
D:3:      vehumet_crystals, serial_glass, glass_columns_a, glass_columns_a,
          minivault_5
D:4:      chequers_temple_overflow_statue_of_worship,
          lemuel_coloured_pillars_altar
D:5:      gammafunk_temple_overflow_forgotten
D:6:      minivault_11
D:7:      temple_pool_b
D:8:      dk_noncrumbling_4, uniq_maurice
D:9:      serial_shops, nicolae_shop_behind_doors, hangedman_ranch
D:10:     minmay_curly_fans, lair_entry_dummy
Temple:   minmay_temple_bridge_abc
Lair:1:   cheibrodos_lair_caveside_slide
Lair:2:   nicolae_volcano_entry_hallway, minmay_lair_oklob_chamber,
          grunt_megastairs_3, serial_bayou_shore_b
Volcano:  volcano_grotto

Skill      XL: |  1  2  3  4  5  6  7  8  9 10 11 |
---------------+----------------------------------+-----
Spellcasting   | 3 4 5 6 8 9 10 | 10.2
Stealth        | 5 6 7 8 |  8.3
Short Blades   | 2 3 4 6 7 |  7.3
Fighting       | 1 2 3 4 5 |  5.9
Dodging        | 4 5 |  5.9
Ice Magic      | 1 2 |  2.0
Conjurations   | 2 |  2.0
Translocations | 2 6 |  6.3
Invocations    | 1 4 |  4.4
Shields        | 1 3 4 |  4.6
Charms         | 6 |  6.9
Crossbows      | 2 |  2.1
Hexes          | 5 |  5.1

Action                   |  1- 3 |  4- 6 |  7- 9 | 10-12 || total
-------------------------+-------+-------+-------+-------++-------
Melee: Dagger            |    45 |   220 |   225 |       ||   490
       Short sword       |       |       |    67 |   121 ||   188
 Fire: Hand crossbow     |       |       |    40 |    24 ||    64
Throw: Tomahawk          |       |       |    17 |     5 ||    22
 Cast: Corona            |     6 |     9 |    12 |     2 ||    29
       Ensorcelled Hiber |     4 |     5 |    88 |    65 ||   162
       Dazzling Spray    |       |       |     1 |    13 ||    14
       Apportation       |       |       |       |     1 ||     1
Invok: Heroism           |       |       |     2 |     7 ||     9
Evoke: Wand              |       |       |     2 |     4 ||     6
  Use: Scroll            |     3 |    10 |    17 |     6 ||    36
       Potion            |       |       |     1 |     1 ||     2
 Stab: Sleeping          |     5 |    23 |    54 |    25 ||   107
       Distracted        |       |     1 |       |       ||     1
       Invisible         |       |       |       |     7 ||     7
  Eat: Fruit             |       |     1 |     3 |       ||     4
       Bread ration      |       |       |     1 |       ||     1
Armor: Robe              |     9 |    28 |    30 |    14 ||    81
Dodge: Dodged            |    75 |   168 |   222 |    94 ||   559
Block: Buckler           |       |       |     5 |    51 ||    56

Table legend:
 A = Spawn XP
 B = Non-spawn XP
 C = Spawn XP percentage of total XP
 D = Spawn monster count
 E = Non-spawn monster count
 F = Spawn count percentage of total count
 G = Total turns spent on level
                    A         B        C        D         E        F      G
               +---------+---------+-------+---------+---------+-------+---------
         Total |       0 |   16081 |   0.0 |       0 |     210 |   0.0 | 13638
               +---------+---------+-------+---------+---------+-------+---------
           D:1 |       0 |      35 |   0.0 |       0 |      22 |   0.0 |   491
           D:2 |       0 |     131 |   0.0 |       0 |      27 |   0.0 |   979
           D:3 |       0 |     147 |   0.0 |       0 |      19 |   0.0 |  1629
           D:4 |       0 |     448 |   0.0 |       0 |      16 |   0.0 |  1416
           D:5 |       0 |     412 |   0.0 |       0 |      12 |   0.0 |  1276
           D:6 |       0 |     841 |   0.0 |       0 |      22 |   0.0 |  1095
           D:7 |       0 |     434 |   0.0 |       0 |      12 |   0.0 |   895
           D:8 |       0 |     762 |   0.0 |       0 |      14 |   0.0 |  1140
           D:9 |       0 |    3612 |   0.0 |       0 |      31 |   0.0 |  2818
          D:10 |       0 |    2517 |   0.0 |       0 |       9 |   0.0 |   263
        Lair:1 |       0 |    5033 |   0.0 |       0 |      14 |   0.0 |  1202
        Lair:2 |       0 |     468 |   0.0 |       0 |       4 |   0.0 |    65
       Volcano |       0 |    1241 |   0.0 |       0 |       8 |   0.0 |   154
               +---------+---------+-------+---------+---------+-------+---------
